Map: Ascension to Aiur LE

Players

Juxtapose

  • Race: Protoss Protoss
  • League: Gold
  • Spawn Location: 11:00

AHZeus - Winner!

  • Race: Terran Terran
  • League: Gold
  • Spawn Location: 5:00

VOD

https://youtu.be/uaymhHXzH7g

Description

This was a good game in which I made some critical errors. Firstly, I foolishly was Warping in Void Rays against a Marine, Marauder, and Medivac composition, which is just a waste of resources. I would have been better using those resources to get to a few Colossi as soon as possible.

I over-committed in that attack on my opponent's natural, which was really the final nail in the coffin, and I didn't properly control my Sentries, so they were wasted too.

My macro was alright though, but in the end, my seven game win streak was snapped.

Time

  • Played on: Sept. 14, 2017, 6:57 p.m.
  • Length: 11:52
Show
View Real Time Build Order
Export as new Build Order

Juxtapose Protoss 

Build Orders: Oracle Opening 

Get SALT Encoding   

  12  0:01  Probe (Chrono Boost)  
  13  0:12  Probe (Chrono Boost)  
  14  0:21  Pylon  
  14  0:22  Probe (Chrono Boost)  
  15  0:39  Probe (Chrono Boost)  
  15  0:40  Gateway  
  16  0:50  Probe (Chrono Boost)  
  16  0:53  Assimilator  
  17  1:00  Probe (Chrono Boost)  
  19  1:11  Probe (Chrono Boost)  
  19  1:15  Pylon  
  19  1:20  Assimilator  
  19  1:23  Pylon  
  20  1:25  Probe (Chrono Boost)  
  20  1:38  Cybernetics Core, Probe (Chrono Boost)  
  21  1:58  Probe (Chrono Boost)  
  22  2:05  Pylon  
  22  2:06  Zealot  
  24  2:09  Probe (Chrono Boost)  
  25  2:17  Stargate  
  25  2:19  Probe (Chrono Boost)  
  28  2:30  Mothership Core (Chrono Boost)  
  28  2:54  Warp Gate (Chrono Boost)  
  28  3:04  Oracle (Chrono Boost)  
  31  3:19  Nexus  
  31  3:22  Pylon  
  31  3:24  Pylon  
  31  3:27  Pylon  
  31  3:36  Pylon  
  31  3:40  Adept  
  33  3:53  Gateway  
  33  3:57  Probe  
  34  4:33  Probe  
  34  4:37  Probe  
  36  4:43  Probe  
  37  4:45  Gateway  
  37  4:49  Robotics Facility, Probe  
  38  4:53  Twilight Council  
  38  4:54  Forge, Probe  
  39  5:14  Adept  
  41  5:25  Sentry  
  43  5:32  Resonating Glaives (Chrono Boost)  
  43  5:33  Probe  
  43  5:34  Probe  
  45  5:42  Gateway  
  45  5:43  Probe  
  45  5:44  Observer  
  45  5:46  Probe  
  48  5:54  Probe  
  48  5:55  Sentry  
  48  5:56  Sentry  
  53  5:58  Probe  
  54  6:04  Probe  
  54  6:10  Probe  
  56  6:15  Probe  
  57  6:20  Photon Cannon  
  57  6:25  Probe  
  57  6:26  Photon Cannon  
  57  6:27  Protoss Ground Weapons Level 1  
  57  6:32  Adept x2  
  62  6:33  Adept  
  62  6:36  Warp Prism  
  66  6:42  Assimilator  
  66  6:47  Assimilator  
  66  6:48  Void Ray  
  70  6:54  Probe  
  70  6:55  Probe  
  72  7:05  Probe  
  72  7:07  Blink (Chrono Boost)  
  72  7:08  Probe  
  74  7:15  Probe  
  74  7:20  Probe  
  73  7:31  Stalker x4  
  81  7:52  Immortal  
  76  8:08  Adept x3  
  78  8:27  Adept  
  78  8:28  Stalker  
  78  8:29  Stalker x2  
  86  8:39  Probe  
  87  8:50  Probe  
  87  8:52  Nexus  
  87  8:54  Protoss Ground Armor Level 1 (Chrono Boost), Pylon  
  88  8:56  Void Ray  
  88  8:57  Pylon  
  88  9:00  Probe  
  88  9:01  Pylon  
  93  9:11  Probe  
  93  9:12  Immortal  
  98  9:21  Probe  
  99  9:32  Probe  
  100  9:43  Probe  
  94  9:53  Probe  
  87  10:03  Stalker  
  87  10:04  Stalker x3  
  65  10:18  Probe  
  66  10:26  Immortal  
  66  10:28  Void Ray  
  74  10:29  Probe  
  75  10:39  Probe  
  75  10:41  Probe  
  75  10:42  Probe  
  78  10:50  Probe  
  78  10:51  Probe  
  78  10:54  Probe  
  80  10:58  Photon Cannon  
  80  11:00  Probe  
  80  11:01  Mothership Core  
  80  11:02  Adept  
  80  11:03  Adept x2  
  89  11:11  Probe  
  81  11:18  Zealot  
  63  11:37  Probe  
  61  11:43  Zealot  
Show
View Real Time Build Order
Export as new Build Order

AHZeus Terran - Winner!

Build Orders:  

Get SALT Encoding   

  12  0:01  SCV  
  13  0:13  SCV  
  14  0:19  Supply Depot  
  14  0:25  SCV  
  15  0:40  SCV  
  16  0:45  Barracks  
  16  0:52  SCV  
  17  1:05  SCV  
  18  1:17  SCV  
  19  1:20  Refinery  
  19  1:32  Orbital Command  
  19  1:33  Marine  
  20  1:47  Command Center  
  19  1:56  Marine  
  20  2:02  SCV  
  20  2:03  Supply Depot  
  21  2:09  Refinery  
  21  2:14  Marine  
  22  2:22  SCV  
  23  2:32  Marine  
  23  2:34  SCV  
  25  2:38  Factory  
  25  2:46  SCV  
  26  3:01  SCV  
  26  3:03  Supply Depot  
  27  3:06  Bunker, Barracks Reactor  
  27  3:08  Orbital Command  
  27  3:16  SCV  
  28  3:25  Starport  
  28  3:36  SCV  
  29  3:46  SCV  
  30  3:48  SCV  
  31  3:58  Widow Mine x2, SCV  
  31  4:01  Barracks Tech Lab  
  31  4:02  Medivac  
  38  4:06  SCV  
  39  4:10  SCV  
  38  4:18  SCV  
  38  4:22  SCV  
  38  4:32  Widow Mine x2  
  42  4:41  Marine  
  42  4:43  SCV  
  42  4:44  SCV  
  45  4:47  Medivac  
  47  4:55  SCV  
  47  4:56  Barracks, SCV  
  47  4:58  Barracks  
  47  4:59  Marine  
  50  5:01  Supply Depot  
  50  5:02  Engineering Bay  
  50  5:04  Engineering Bay  
  50  5:05  Supply Depot  
  50  5:07  SCV  
  50  5:10  Widow Mine  
  53  5:20  Starport Reactor  
  53  5:22  Widow Mine  
  53  5:24  Stimpack  
  53  5:27  Marine  
  56  5:31  Terran Infantry Weapons Level 1, Terran Infantry Armor Level 1  
  56  5:36  Missile Turret x2  
  56  5:46  SCV x2  
  58  5:50  Barracks Reactor x2  
  58  5:52  Liberator  
  58  6:02  Refinery x2, SCV  
  58  6:03  Marine, SCV  
  64  6:21  Marine  
  65  6:29  Marine x3  
  68  6:33  Widow Mine  
  70  7:27  Widow Mine  
  70  7:42  Armory  
  70  7:43  Command Center  
  70  7:44  Liberator  
  70  7:48  Barracks  
  70  7:49  Barracks  
  70  7:50  Supply Depot  
  70  7:51  Barracks  
  70  7:56  Marine x2  
  70  7:58  Marine x2  
  70  8:00  Marine  
  65  8:13  Supply Depot  
  65  8:14  Marine  
  65  8:15  Marine  
  65  8:16  Marauder  
  65  8:17  Marine  
  65  8:18  Marine  
  65  8:26  SCV x2  
  65  8:31  Marine  
  65  8:33  Marine  
  67  8:37  Marauder  
  67  8:38  Supply Depot, SCV  
  68  8:47  Marine x2  
  70  8:50  Medivac  
  70  8:51  Medivac  
  70  8:53  Terran Infantry Armor Level 2  
  70  8:55  Barracks Reactor x3  
  74  8:59  Marauder  
  74  9:00  Orbital Command  
  76  9:09  SCV x2  
  78  9:12  Terran Ship Weapons Level 1  
  78  9:13  Terran Infantry Weapons Level 2  
  78  9:14  Marine x2  
  78  9:15  Marine x2  
  82  9:17  Factory Tech Lab  
  82  9:20  Marauder  
  82  9:21  SCV  
  82  9:22  SCV  
  86  9:26  SCV  
  87  9:32  Marine x2  
  87  9:33  Marine  
  87  9:34  SCV  
  91  9:41  Marauder  
  84  10:03  Marauder  
  84  10:04  Marine x4  
  81  10:16  Orbital Command  
  81  10:20  Marine x3  
  84  10:28  Marine x4, Marauder  
  88  10:31  Siege Tank  
  88  10:33  Medivac x2  
  98  10:35  SCV x2  
  99  10:43  Marine x2  
  99  10:44  Marine  
  104  10:50  Marauder  
  104  10:53  Marine  
  105  10:58  Marine x2  
  105  10:59  Marine  
  108  11:10  SCV  
  109  11:12  SCV x2  
  109  11:15  Marauder  
  106  11:21  Marine x3  
  106  11:22  SCV  
  108  11:31  Marine x2  
  108  11:32  Marine  
  109  11:33  Marine  
  109  11:34  Marine  
  108  11:47  Supply Depot  
  108  11:48  Supply Depot  
Tags
 
Add a new tag
Caveats
  • Supply blocks, unpowered buildings, or Contaminate may cause inaccurate times.
  • Supply counts are checked every 10 seconds.